 Dungeon Crawl Stone Soup version 0.31-a0-210-gccc998df9b (webtiles) character file.

Game seed: 2991711842101150294

545 qw the Chopper (level 7, -3/44 HPs)
             Began as a Gargoyle Fighter on June 29, 2023.
             Killed from afar by an orc wizard (8 damage)
             ... with a puff of flame
             ... on level 4 of the Dungeon.
             The game lasted 00:01:32 (2734 turns).

qw the Chopper (Gargoyle Fighter)                   Turns: 2734, Time: 00:01:33

Health: -3/44      AC: 11    Str: 21    XL:     7   Next: 27%
Magic:  7/7        EV:  9    Int:  9    God:
Gold:   116        SH:  4    Dex:  9    Spells: 6/6 levels left

rFire   . . .        Y - +1 war axe
rCold   + . .        c - +0 buckler
rNeg    + . .        b - +0 scale mail
rPois   inf          (no helmet)
rElec   +            (no cloak)
rCorr   .            (no gloves)
SInv    .            (no boots)
Will    .....        e - amulet of faith Stlth
                     l - ring of protection from cold
HPRegen 0.27/turn    (no ring)
MPRegen 0.10/turn

%: faith
@: no status effects
A: sickness immunity, AC +4, negative energy resistance 1, electricity
resistance, torment resistance 1, petrification resistance
a: no special abilities


You were on level 4 of the Dungeon.
You visited 1 branch of the dungeon, and saw 4 of its levels.

You collected 116 gold pieces.


Innate Abilities, Weirdness & Mutations

You are immune to sickness and miasma.
Your stone body is resilient. (AC +4)
You are immune to poison.
You resist negative energy. (rN+)
You are resistant to electric shocks. (rElec)
You are resistant to unholy torment.
You are immune to petrification.


   Skills:
 - Level 4.4 Fighting
 + Level 6.3 Axes
 - Level 3.2 Armour
 - Level 1.3 Dodging
 - Level 3.2 Shields


You had 6 spell levels left.
You didn't know any spells.
Your spell library was empty.

Inventory:

Hand Weapons
 f - a +0 whip
 Y - a +1 war axe (weapon)
Armour
 b - a +0 scale mail (worn)
 c - a +0 buckler (worn)
Jewellery
 e - an amulet of faith (around neck)
 l - a ring of protection from cold (left hand)
Scrolls
 h - a scroll of identify
Potions
 d - a potion of might
 g - a potion of mutation
 i - a potion of brilliance {unknown}
 j - a potion of heal wounds {unknown}
 k - a potion of enlightenment {unknown}

Dungeon Overview and Level Annotations

Branches:
Dungeon (4/15)
 Temple: D:4-7

Altars:

Shops:
D:2 =


Message History

You slash the giant cockroach!
You kill the giant cockroach!
You closely miss the orc wizard. You barely miss the orc priest.
The orc priest completely misses you. The orc wizard barely misses you.
You closely miss the orc priest. You barely miss the orc wizard.
The orc priest hits you with a +0 hand axe.
The orc wizard gestures at you while chanting.
You block the puff of flame.
You hit the orc priest.
The orc priest is moderately wounded.
You completely miss the orc wizard.
The orc priest hits you but does no damage.
The orc wizard hits you but does no damage.
You hit the orc priest.
The orc priest is severely wounded.
You hit the orc wizard. You block the orc priest's attack.
The orc wizard hits you but does no damage.
The orc wizard barely misses you. You block the orc priest's attack.
You slash the orc priest!
You kill the orc priest!
You hit the orc wizard but do no damage.
The orc wizard hits you but does no damage.
You hit the orc wizard.
The orc wizard is severely wounded.
The orc wizard closely misses you.
You closely miss the orc wizard.
The orc wizard is severely wounded.
The orc wizard hits you with a +0 dagger.
You hit the orc wizard.
The orc wizard is almost dead.
The orc wizard hits you but does no damage.
The orc wizard mumbles some strange words.
The orc wizard flickers and vanishes!
Deactivating autopickup; reactivate with Ctrl-A.
You closely miss something.
You hear some strange, mumbled words.
A puff of flame appears from out of thin air!
The puff of flame hits you!
You die...

#.# ..#....> #.#
..#....... ..######
####.#......
..#.#..###..#....... .
#.[.............#..# ..
#....##.......###..##..#
#..#####.......##......#
##.##.#.......%)))....#
#..............{@$....#
..............%).......#
........................
..............(.......).
.#...................##.
##..................#
#............###.....
...........#.# .....


There were no monsters in sight!

Vanquished Creatures
  A black bear (D:4)
  An ogre (D:4)
  A phantom (D:3)
  A howler monkey (D:4)
  An orc priest (D:4)
  2 sleepcaps (D:3)
  A gnoll (D:2)
  9 adders
  2 dart slugs
  3 orcs (D:4)
  5 endoplasms
  5 giant cockroaches
  9 goblins
  9 hobgoblins
  2 jackals (D:2)
  3 quokkas
  9 ball pythons
  4 bats
  5 frilled lizards
  4 kobolds
  6 rats
83 creatures vanquished.

Notes
Turn   | Place    | Note
-------+----------+-------------------------------------------
     0 | D:1      | qw the Gargoyle Fighter began the quest for the Orb.
     0 | D:1      | Reached XP level 1. HP: 14/14 MP: 1/1
     0 | D:1      | 0 ||| qw: Version: 0.3-a-24-ga2abf7b
     0 | D:1      | 0 ||| qw: Game counter: 7039
     0 | D:1      | 0 ||| qw: Melee chars always use a shield: true
     0 | D:1      | 0 ||| qw: God list: Okawaru
     0 | D:1      | 0 ||| qw: Allow faded altars: false
     0 | D:1      | 0 ||| qw: Do Orc after clearing Dungeon:15 true
     0 | D:1      | 0 ||| qw: Do second Lair branch before Depths: true
     0 | D:1      | 0 ||| qw: Lair rune preference: random
     0 | D:1      | 0 ||| qw: Goals: Normal, Zot:1-4, Slime:5, God:TSO, Crypt,
                  | Tomb, Abyss, Pan, Hells, Win
     0 | D:1      | 0 ||| PLANNING D:1-11
    43 | D:1      | Reached skill level 2 in Axes
   179 | D:1      | 179 ||| FLEEEEING.
   180 | D:1      | 180 ||| FLEEEEING.
   182 | D:1      | 182 ||| FLEEEEING.
   183 | D:1      | 183 ||| FLEEEEING.
   187 | D:1      | Reached XP level 2. HP: 18/19 MP: 2/2
   316 | D:1      | 316 ||| Stepping ~*~*~tactically~*~*~ (stealth).
   668 | D:1      | 668 ||| Stepping ~*~*~tactically~*~*~ (hiding).
   674 | D:1      | Reached skill level 3 in Axes
   838 | D:1      | Reached XP level 3. HP: 23/23 MP: 3/3
  1101 | D:1      | 1101 ||| UPGRADING to amulet of faith.
  1106 | D:1      | 1106 ||| READING 2 scrolls labelled YZICAW LAXOREXA.
  1107 | D:1      | 1107 ||| READING 2 scrolls labelled GIRGHOD MEPE.
  1108 | D:1      | 1108 ||| READING scroll labelled XAOGYE LETWY.
  1109 | D:1      | 1109 ||| READING scroll labelled XIUMPA XAWUSHRAL.
  1114 | D:1      | 1114 ||| READING 2 scrolls labelled EKHOXTURCHE.
  1115 | D:1      | 1115 ||| DROPPING scroll of immolation.
  1116 | D:1      | 1116 ||| DROPPING scroll of revelation.
  1154 | D:2      | 1154 ||| Stepping ~*~*~tactically~*~*~ (stealth).
  1189 | D:2      | Found Uttig's Jewellery Emporium.
  1205 | D:2      | 1205 ||| SHOPLISTING +4 ring of slaying (936 gold, have
                  | 27).
  1205 | D:2      | 1205 ||| SHOPLISTING +5 ring of evasion (432 gold, have
                  | 27).
  1205 | D:2      | 1205 ||| SHOPLISTING amulet of regeneration (360 gold, have
                  | 27).
  1205 | D:2      | 1205 ||| SHOPLISTING ring of protection from fire (300
                  | gold, have 27).
  1354 | D:2      | 1354 ||| Stepping ~*~*~tactically~*~*~ (stealth).
  1373 | D:2      | Reached XP level 4. HP: 25/28 MP: 4/4
  1445 | D:2      | Reached skill level 4 in Axes
  1485 | D:2      | 1485 ||| DROPPING +0 club.
  1628 | D:2      | Reached XP level 5. HP: 32/32 MP: 5/5
  1900 | D:2      | 1900 ||| READING scroll labelled XEKHAL RIASERYF.
  1901 | D:2      | 1901 ||| READING scroll labelled FONIME HARESS.
  2209 | D:3      | Reached skill level 5 in Axes
  2498 | D:3      | 2498 ||| UPGRADING to ring of protection from cold.
  2499 | D:3      | 2499 ||| READING scroll labelled XOM JAEPHEL.
  2500 | D:3      | 2500 ||| READING 2 scrolls of identify.
  2500 | D:3      | 2500 ||| IDENTIFYING fuming amethyst potion
  2515 | D:4      | Noticed a phantom
  2522 | D:4      | 2522 ||| STAIRDANCE
  2534 | D:3      | Killed a phantom
  2535 | D:3      | Reached XP level 6. HP: 31/39 MP: 6/6
  2535 | D:3      | 2535 ||| FLEEEEING.
  2549 | D:3      | Reached skill level 1 in Dodging
  2687 | D:4      | Noticed a black bear
  2696 | D:4      | Killed a black bear
  2699 | D:4      | Reached skill level 6 in Axes
  2699 | D:4      | Reached XP level 7. HP: 14/44 MP: 7/7
  2721 | D:4      | HP: 11/44 [orc priest/divine providence (8)]
  2727 | D:4      | HP: 4/44 [orc priest/+0 hand axe (6)]
  2732 | D:4      | HP: 4/44 [orc wizard/+0 dagger (2)]
  2734 | D:4      | Killed from afar by an orc wizard

Levels and vault maps discovered:
D:1:      lightli_arrival_maybe_door_vault, layout_basic
D:2:      minmay_chambers_of_twos, layout_basic, serial_shops,
          nicolae_shop_crystal
D:3:      layout_loops_ring
D:4:      layout_cave_pools, nicolae_uskayaw_en_pointe, minitemple,
          chequers_temple_overflow_minitemple, minmay_crystal_room

Skill      XL: |  1  2  3  4  5  6 |
---------------+-------------------+-----
Axes           | 2 3 4 5 6 |  6.3
Fighting       | 4 |  4.4
Dodging        | 1 |  1.3
Armour         | |  3.2
Shields        | |  3.2

Action                     |  1- 3 |  4- 6 |  7- 9 || total
---------------------------+-------+-------+-------++-------
  Melee: War axe           |   104 |   155 |    19 ||   278
    Use: Scroll            |     5 |     4 |       ||     9
 Armour: Scale mail        |    52 |    73 |    18 ||   143
  Dodge: Dodged            |    52 |    72 |     9 ||   133
  Block: Buckler           |    21 |    31 |     9 ||    61

Table legend:
 A = Non-vault XP
 B = Vault XP
 C = Vault XP percentage of total XP
 D = Non-vault monster count
 E = Vault monster count
 F = Vault count percentage of total count
                 A         B        C        D         E       F
            +---------+---------+-------+---------+---------+-------
      Total |     728 |      51 |   6.5 |      75 |       8 |   9.6
            +---------+---------+-------+---------+---------+-------
        D:1 |      37 |       0 |   0.0 |      23 |       0 |   0.0
        D:2 |     104 |      51 |  32.9 |      25 |       8 |  24.2
        D:3 |     229 |       0 |   0.0 |      17 |       0 |   0.0
        D:4 |     358 |       0 |   0.0 |      10 |       0 |   0.0
            +---------+---------+-------+---------+---------+-------
